 Dungeon Crawl Stone Soup version 0.25-a0-975-gcae8493d64 (webtiles) character file.

Game seed: 5592641701859906600, levelgen mode: deterministic

1578 Flugslaktarn the Chopper (level 8, 0/74 HPs)
             Began as a Deep Dwarf Fighter on May 10, 2020.
             Slain by Maggie
             ... wielding a +2 war axe of distortion
              (12 damage)
             ... on level 6 of the Dungeon.
             The game lasted 00:01:42 (1809 turns).

Flugslaktarn the Chopper (Deep Dwarf Fighter)       Turns: 1809, Time: 00:01:42

Health: 0/74       AC: 11    Str: 20    XL:     8   Next: 60%
Magic:  0/0        EV:  7    Int: 10    God:
Gold:   194        SH: 10    Dex: 13    Spells: 7/7 levels left

rFire    + + .     SeeInvis .   a - +0 war axe
rCold    x . .     Gourm    .   c - +0 kite shield
rNeg     . . .     Faith    .   o - +0 fire dragon scales
rPois    .         Spirit   .   (no helmet)
rElec    .         Reflect  .   h - +0 cloak
rCorr    .         Harm     .   (no gloves)
MR       +....                  (no boots)
Stlth    ..........             (no amulet)
HPRegen  0.00/turn              (no ring)
MPRegen  0.07/turn              (no ring)

@: mighty, non-regenerating
A: damage resistance, heal wounds, sense surroundings 1, no regeneration
a: Heal Wounds


You were on level 6 of the Dungeon.
You were not hungry.

You visited 1 branch of the dungeon, and saw 6 of its levels.

You collected 194 gold pieces.

Inventory:

Hand Weapons
 a - a +0 war axe (weapon)
Missiles
 q - a throwing net (quivered)
Armour
 b - a +0 scale mail
 c - a +0 kite shield (worn)
 g - a +0 cloak
   (You found it on level 1 of the Dungeon)
 h - a +0 cloak (worn)
   (You found it on level 6 of the Dungeon)
 o - +0 fire dragon scales (worn)
   (You found it on level 5 of the Dungeon)
Jewellery
 n - an uncursed ring of ice
   (You found it on level 5 of the Dungeon)
Scrolls
 f - 2 scrolls of teleportation {unknown}
 i - 4 scrolls of remove curse {unknown}
 k - 2 scrolls of enchant armour {unknown}
 p - a scroll of identify {unknown}
 t - 2 scrolls of immolation {unknown}
Potions
 j - a potion of stabbing {unknown}
 l - a potion of flight {unknown}
 m - a potion of heal wounds {unknown}
 r - a potion of resistance {unknown}
Comestibles
 e - 3 rations
 s - 4 chunks of flesh


   Skills:
 + Level 5.1 Fighting
 * Level 7.8 Axes
 + Level 6.2 Armour
 + Level 6.2 Shields


You had 7 spell levels left.
You didn't know any spells.
Your spell library was empty.

Dungeon Overview and Level Annotations

Branches:
Dungeon (6/15)
 Temple: D:4-7

Altars:
Ru
Xom
Yredelemnul
Zin

Annotations:
D:4 3 runed translucent doors, FrogZ's ghost, amateur DrIE
D:6 Maggie


Innate Abilities, Weirdness & Mutations

You are resistant to damage.
You can heal yourself by infusing magical energy.
You passively map a small area around you.
You do not regenerate.


Message History

The black bear barely misses you. x3
You slash the black bear!
You kill the black bear!
You see here a black bear corpse.
You eat one of the 4 rations.
That ration really hit the spot!
You butcher the black bear corpse.
s - 4 chunks of flesh You see here a black bear skeleton. x2
You see here 15 sling bullets.
t - 2 scrolls labeled EMAUSK ACZIDGH (gained 1) Maggie the Vainglorious comes into view.
She is wielding a +2 war axe of distortion.
Maggie shouts!
Maggie mumbles the words to a spell, but in the wrong order.
You aren't carrying any items that you can evoke.
Unknown command.
You feel very mighty all of a sudden.
Maggie hits you with a +2 war axe of distortion.
* * * LOW HITPOINT WARNING * * *
Space warps horribly around you!
You die...

### # ### ..#
########...# *
#.#####.....#*.#.#####
......#.###.# ......#,
........# #.####@..#.#..
.#.##.### #.#...@..._..#
.........##..........#.#
#..#.....####........# *
......#..####.#.#.#....#
#..#..#..#.............#
......#..#.##...#.######
.........#.######.# ,
.........#........#,*
...#.....#..####### *


You could see Maggie.

Vanquished Creatures
  Pikel (D:5)
  3 ogres
  A black bear (D:6)
  A centaur (D:5)
  A bullfrog (D:6)
  A scorpion (D:4)
  A howler monkey (D:6)
  3 hounds
  A jelly (D:5)
  3 orc priests
  2 orc wizards
  5 worker ants
  8 gnolls
  A howler monkey skeleton (D:4)
  3 adders
  An adder skeleton (D:4)
  A worm (D:3)
  A dart slug (D:1)
  3 leopard geckos
  8 orcs
  A bat (D:4)
  A giant cockroach (D:4)
  A goblin (D:1)
  A hobgoblin (D:2)
  14 jackals (D:4)
  A kobold (D:4)
  3 quokkas
  A frilled lizard (D:4)
  A giant cockroach zombie (D:5)
  2 leopard gecko skeletons (D:4)
  2 quokka skeletons
  2 rats
79 creatures vanquished.

Notes
Turn   | Place    | Note
-------+----------+-------------------------------------------
     0 | D:1      | Flugslaktarn the Deep Dwarf Fighter began the quest for the
                  | Orb.
     0 | D:1      | Reached XP level 1. HP: 20/20 MP: 1/1
    61 | D:2      | Reached XP level 2. HP: 17/27 MP: 2/2
   138 | D:4      | Reached skill level 3 in Axes
   138 | D:4      | Reached XP level 3. HP: 29/34 MP: 2/2
   196 | D:4      | Found a runed translucent gate.
   196 | D:4      | Found a runed translucent gate.
   196 | D:4      | Found a runed translucent gate.
   227 | D:4      | Reached XP level 4. HP: 35/42 MP: 1/1
   410 | D:4      | Noticed an ice beast
   410 | D:4      | Noticed FrogZ's ghost (amateur DrIE)
   477 | D:4      | Reached skill level 4 in Axes
   477 | D:4      | Reached XP level 5. HP: 35/49 MP: 2/2
   548 | D:4      | Found a glowing silver altar of Zin.
   599 | D:4      | Noticed an ogre
   609 | D:4      | Killed an ogre
   609 | D:4      | Reached XP level 6. HP: 39/56 MP: 3/3
   679 | D:4      | Reached skill level 5 in Axes
   691 | D:4      | Found a shimmering altar of Xom.
   844 | D:5      | Entered Level 5 of the Dungeon
   901 | D:5      | Reached XP level 7. HP: 16/64 MP: 1/1
   954 | D:5      | Noticed Pikel
   981 | D:5      | Killed Pikel
   981 | D:5      | Reached skill level 6 in Axes
   981 | D:5      | Reached skill level 5 in Armour
   981 | D:5      | Reached skill level 5 in Shields
   981 | D:5      | Reached XP level 8. HP: 36/73 MP: 2/2
  1170 | D:5      | Reached skill level 7 in Axes
  1448 | D:6      | Found a sacrificial altar of Ru.
  1560 | D:6      | Reached skill level 5 in Fighting
  1671 | D:6      | Found a basalt altar of Yredelemnul.
  1808 | D:6      | Noticed Maggie
  1809 | D:6      | Slain by Maggie

Illustrated notes

Levels and vault maps discovered:
D:1:      dpeg_arrival_prison, layout_loops_cross, serial_forest,
          infiniplex_forest_end_1, infiniplex_forest_lined_room_3,
          infiniplex_forest_corner_2, infiniplex_forest_lined_ring,
          infiniplex_forest_lined_room_3, infiniplex_forest_straight_2
D:2:      layout_loops_ring, nicolae_dithmenos_through_a_glass_darkly
D:3:      layout_loops_ring, first_ration
D:4:      layout_loops_ring, zin_treasury, tgw_xom, gup_sewer_entry_bubbles,
          gammafunk_ghost_icy, st_stairs_4, uniq_crazy_yiuf_cottage
D:5:      layout_rooms, uniq_pikel
D:6:      layout_basic, overflow_temple_1_default, kennysheep_mini_moat,
          uniq_maggie

Skill      XL: |  1  2  3  4  5  6  7  8 |
---------------+-------------------------+-----
Fighting       | 3 4 5 |  5.1
Axes           | 3 4 5 6 7 |  7.8
Armour         | 4 5 6 |  6.2
Shields        | 4 5 6 |  6.2

Action                   |  1- 3 |  4- 6 |  7- 9 || total
-------------------------+-------+-------+-------++-------
Melee: War axe           |    64 |   129 |   115 ||   308
 Abil: Heal Wounds       |     4 |     6 |     7 ||    17
  Use: Potion            |       |       |     2 ||     2
  Eat: Chunk             |       |     1 |     2 ||     3
       Ration            |       |       |     1 ||     1
Armor: Scale mail        |    30 |    88 |       ||   118
       Fire dragon scale |       |       |    68 ||    68
Dodge: Dodged            |    22 |    59 |    44 ||   125
Block: Kite shield       |    27 |    91 |    97 ||   215

Table legend:
 A = Non-vault XP
 B = Vault XP
 C = Vault XP percentage of total XP
 D = Non-vault monster count
 E = Vault monster count
 F = Vault count percentage of total count
                 A         B        C        D         E       F
            +---------+---------+-------+---------+---------+-------
      Total |    1456 |     799 |  35.4 |      69 |      10 |  12.7
            +---------+---------+-------+---------+---------+-------
        D:1 |       9 |       1 |  10.0 |       3 |       1 |  25.0
        D:2 |      16 |       0 |   0.0 |       3 |       0 |   0.0
        D:3 |       5 |       0 |   0.0 |       1 |       0 |   0.0
        D:4 |     481 |     157 |  24.6 |      31 |       8 |  20.5
        D:5 |     341 |     641 |  65.3 |      14 |       1 |   6.7
        D:6 |     604 |       0 |   0.0 |      17 |       0 |   0.0
            +---------+---------+-------+---------+---------+-------
